Map: Dusk Towers

Players

IlIlIlIlIlIl - Winner!

  • Race: Zerg Zerg
  • League: Grandmaster

Miszu

  • Race: Terran Terran
  • League: Grandmaster

VOD

Have the link to the VOD?

Description

Time

  • Played on: Feb. 20, 2016, 1:55 p.m.
  • Length: 7:24
Show
View Real Time Build Order
Export as new Build Order

IlIlIlIlIlIl Zerg - Winner!

Build Orders: Hatch First 

Get SALT Encoding   

  12  0:08  Drone  
  13  0:14  Overlord  
  13  0:18  Drone  
  14  0:35  Drone x2  
  16  0:44  Drone  
  17  0:56  Hatchery  
  16  0:59  Drone  
  16  1:03  Extractor  
  16  1:04  Drone  
  17  1:24  Spawning Pool  
  16  1:26  Drone x2  
  18  1:35  Drone  
  19  1:45  Overlord  
  19  2:10  Drone  
  19  2:11  Zergling x4  
  19  2:12  Metabolic Boost, Queen  
  24  2:17  Queen  
  24  2:18  Drone  
  27  2:25  Drone  
  27  2:28  Drone  
  29  2:31  Drone  
  30  2:41  Overlord  
  30  2:42  Drone  
  31  2:51  Queen  
  31  2:53  Queen  
  31  2:55  Drone  
  36  3:03  Hatchery  
  35  3:09  Overlord  
  35  3:11  Drone x2  
  37  3:15  Drone x2  
  39  3:23  Overlord  
  39  3:24  Drone  
  39  3:25  Drone  
  41  3:27  Drone  
  41  3:28  Drone  
  43  3:35  Queen  
  45  3:42  Drone x5  
  45  3:48  Overlord  
  50  3:54  Overlord  
  50  4:03  Drone  
  50  4:04  Drone x2  
  50  4:05  Drone  
  50  4:06  Drone x3  
  50  4:08  Extractor  
  56  4:21  Overlord  
  56  4:24  Overlord  
  56  4:28  Drone x4  
  60  4:39  Baneling Nest  
  60  4:41  Drone  
  60  4:42  Drone  
  60  4:45  Drone x4  
  65  4:49  Zergling x10  
  65  4:50  Zergling x4  
  71  5:05  Zergling x2, Spore Crawler  
  71  5:06  Zergling x14, Spore Crawler  
  77  5:12  Evolution Chamber x2  
  75  5:14  Spore Crawler  
  74  5:28  Drone x3  
  77  5:29  Drone x2  
  77  5:30  Drone x2  
  77  5:34  Overlord  
  77  5:35  Overlord  
  81  5:45  Lair  
  73  6:06  Zergling x2  
  73  6:07  Zergling x30  
  80  6:12  Zergling x2  
  80  6:18  Zergling x2  
  77  6:24  Hatchery  
  73  6:28  Baneling  
  73  6:29  Baneling x11  
  72  6:33  Zergling x2  
  72  6:34  Zergling x12  
  72  6:38  Zergling x6  
  74  7:19  Spire  
Show
View Real Time Build Order
Export as new Build Order

Miszu Terran 

Build Orders: Liberator Opening 

Get SALT Encoding   

  12  0:00  SCV  
  13  0:13  SCV  
  14  0:17  Supply Depot  
  14  0:25  SCV  
  15  0:38  SCV  
  15  0:40  Barracks  
  16  0:43  Refinery  
  16  0:50  SCV  
  17  1:03  SCV  
  18  1:15  SCV  
  19  1:30  Orbital Command  
  19  1:31  Barracks Reactor  
  19  1:39  Command Center  
  19  1:47  Supply Depot  
  19  1:51  Refinery  
  19  1:55  SCV  
  20  2:07  SCV  
  23  2:12  Factory  
  23  2:14  Marine x2  
  23  2:19  SCV  
  24  2:31  SCV  
  24  2:34  Marine x2  
  27  2:43  SCV  
  28  2:51  Orbital Command  
  28  2:52  Marine  
  28  2:53  Marine  
  28  2:55  SCV  
  28  2:57  Starport  
  31  3:07  Factory Tech Lab  
  31  3:08  SCV  
  32  3:18  SCV  
  32  3:19  Marine x2  
  35  3:20  SCV  
  35  3:23  Liberator  
  36  3:30  SCV  
  36  3:32  SCV  
  36  3:33  Factory Tech Lab  
  38  3:34  Supply Depot  
  38  3:37  Marine  
  38  3:38  Fusion Core  
  42  3:42  SCV  
  42  3:44  SCV  
  42  3:47  Marine  
  45  3:54  SCV  
  46  3:56  SCV  
  46  3:57  Supply Depot  
  47  4:06  Liberator, SCV  
  47  4:08  SCV  
  49  4:15  Command Center  
  49  4:18  SCV  
  49  4:20  SCV  
  54  4:28  Advanced Ballistics  
  54  4:30  SCV  
  55  4:32  SCV  
  55  4:37  Barracks  
  56  4:39  Barracks  
  56  4:43  SCV  
  56  4:44  SCV  
  58  4:46  Refinery  
  58  4:47  Refinery  
  58  4:50  Supply Depot  
  58  4:55  SCV, Liberator  
  58  4:56  Marine, SCV  
  61  5:06  Engineering Bay x2  
  62  5:07  SCV  
  62  5:12  Marine, SCV  
  67  5:19  SCV  
  68  5:23  Marine  
  68  5:24  Barracks Tech Lab, SCV  
  68  5:26  Barracks Tech Lab  
  71  5:31  SCV  
  71  5:32  Orbital Command  
  72  5:37  SCV  
  73  5:44  SCV  
  73  5:47  Combat Shields  
  73  5:54  Barracks  
  74  5:57  SCV  
  74  5:58  Barracks  
  74  5:59  SCV  
  74  6:01  Marine  
  74  6:03  Marine x2  
  78  6:08  Orbital Command  
  78  6:09  Marine  
  80  6:11  Starport Reactor, SCV x2  
  80  6:13  Armory  
  80  6:14  Siege Tank  
  84  6:19  Marine  
  84  6:24  Supply Depot  
  84  6:25  Supply Depot  
  85  6:43  Marine x3, SCV x2  
  84  6:54  Marine x3  
  84  6:55  SCV x2  
  84  7:01  Marine x2  
  76  7:07  SCV  
Tags
 
Add a new tag
Caveats
  • Supply blocks, unpowered buildings, or Contaminate may cause inaccurate times.
  • Supply counts are checked every 10 seconds.